 Dungeon Crawl Stone Soup version 0.26.1-11-gd32895ea62 (webtiles) character file.

Game seed: 4154105777017750793

4760 hawla the Destroyer (level 10, -8/56 HPs)
             Began as a Deep Elf Conjurer on May 16, 2021.
             Was a Believer of Vehumet.
             Blown up by a centaur (28 damage)
             ... with a disintegration bolt
             ... on level 8 of the Dungeon.
             The game lasted 00:23:38 (9268 turns).

hawla the Destroyer (Deep Elf Conjurer)             Turns: 9268, Time: 00:23:39

Health: -8/56      AC:  8    Str:  4    XL:     10   Next: 23%
Magic:  3/24       EV: 28    Int: 27    God:    Vehumet [**....]
Gold:   370        SH:  0    Dex: 13    Spells: 18/25 levels left

rFire    + . .     SeeInvis .   i - +1 quarterstaff (drain)
rCold    . . .     Faith    .   (shield currently unavailable)
rNeg     . . .     Spirit   .   a - +0 robe
rPois    .         Reflect  .   (no helmet)
rElec    .         Harm     .   (no cloak)
rCorr    .         Rampage  .   h - +1 pair of gloves
Will     +....                  (no boots)
Stlth    ++........             b - amulet of the acrobat
HPRegen  0.18/turn              j - ring of protection from fire
MPRegen  0.19/turn              y - +4 ring of protection

@: acrobat
A: no striking features
a: Renounce Religion


You were on level 8 of the Dungeon.
You worshipped Vehumet.
Vehumet was pleased with you.
You visited 2 branches of the dungeon, and saw 9 of its levels.

You collected 550 gold pieces.
You spent 180 gold pieces at shops.

Inventory:

Hand Weapons
 i - a +1 quarterstaff of draining (weapon)
Missiles
 d - 10 poisoned darts
 e - 8 silver javelins
 l - 4 boomerangs
Armour
 a - a +0 robe (worn)
 h - a +1 pair of gloves (worn)
Jewellery
 b - an amulet of the acrobat (around neck)
 j - a ring of protection from fire (left hand)
 o - an uncursed ring of ice
 y - a +4 ring of protection (right hand)
Wands
 n - a wand of digging (2)
 r - a wand of acid (5)
 t - a wand of iceblast (10)
 v - a wand of enslavement (11)
Scrolls
 g - 2 scrolls of teleportation
 k - 3 scrolls of remove curse
 x - a scroll of identify
 z - a scroll of fog {unknown}
Potions
 c - 2 potions of curing
 f - a potion of brilliance
 m - a potion of haste
 p - 2 potions of lignification
 q - a potion of heal wounds
 s - 2 potions of magic
 u - 3 potions of flight


   Skills:
 - Level 3.0 Fighting
 + Level 5.0 Staves
 - Level 1.0 Throwing
 - Level 3.0 Dodging
 - Level 4.0 Stealth
 - Level 8.0 Spellcasting
 + Level 10.8 Conjurations
 - Level 6.0 Translocations
 + Level 5.4 Fire Magic
 - Level 1.0 Evocations


You had 18 spell levels left.
You knew the following spells:

 Your Spells              Type           Power        Failure   Level
a - Magic Dart            Conj           100%         1%          1
b - Searing Ray           Conj           100%         1%          2
c - Iskenderun's Mystic   Conj/Tloc      54%          1%          4

Your spell library contained the following spells:

 Spells                   Type           Power        Failure   Level
 Sandblast                Erth           20%          5%          1
 Dazzling Flash           Conj/Hex       80%          1%          3
 Fulminant Prism          Conj/Hex       20%          5%          4


Dungeon Overview and Level Annotations

Branches:
Dungeon (8/15)             Temple (1/1) D:5
   Lair: D:8-11

Altars:
Cheibriados
Dithmenos
Fedhas
Gozag
Hepliaklqana
Kikubaaqudgha
Makhleb
Nemelex Xobeh
Okawaru
Qazlal
Ru
Sif Muna
Trog
Uskayaw
Vehumet
Xom
Zin
The Shining One

Shops:
D:7 !

Annotations:
D:3 2 runed translucent doors, phalm's ghost, amateur GnCj
D:4 fly over the water?


Message History

You hear a shout! x2
A necrophage comes into view.
An ogre comes into view. It is wielding a +0 giant club.
Your Staves skill increases to level 5!
Your Fire Magic skill increases to level 5!
As you read the scroll of fear, it crumbles to dust.
You assume a fearsome visage.
The ogre looks frightened!
The sky beast looks frightened!
The necrophage is unaffected.
A shadow imp comes into view.
The sky beast flickers out of sight!
Deactivating autopickup; reactivate with Ctrl-A.
The shadow imp shouts!
You hear a shout!
A centaur comes into view.
It is carrying a wand of disintegration (12).
The centaur wields a +0 shortbow.
The centaur shoots an arrow.
The arrow completely misses you.
You see here an arrow.
The centaur shoots an arrow.
The arrow barely misses you.
The centaur zaps a wand.
You are blasted!
Ouch! That really hurt!
You die...

.......###.###
..###..<.#...##
...)..........## .#
...............# .#
###............## .# #
##.............####.# .#
#............#..#...##...
##.##...##...###.#......#
#.. ########## #@(...#
.[# ##)..## .### ##..#
... ### #..)# .# ..#
#..#c# .## #.# #n.#5# ..#
#.# ...#..
..###.##########.#.##..
......<.)........#.. ###


You could see a centaur and a shadow imp.

Vanquished Creatures
  A two-headed ogre (D:8)
  Edmund (D:5)
  A water moccasin (D:7)
  An ice beast (D:8)
  Duvessa (D:5)
  A necrophage (D:8)
  2 orc warriors
  A black bear (D:8)
  2 phantoms
  2 sky beasts
  9 ogres
  3 centaurs
  5 bullfrogs
  A wyvern zombie (D:7)
  A wyvern skeleton (D:7)
  Dowan (D:5)
  A water moccasin skeleton (D:7)
  5 killer bees (D:8)
  3 scorpions
  4 howler monkeys
  A bullfrog zombie (D:4)
  A jelly (D:6)
  6 hounds
  3 orc priests
  A bullfrog skeleton (D:7)
  5 worker ants
  3 iguanas
  4 orc wizards
  2 hound skeletons
  A worker ant zombie (D:5)
  A howler monkey zombie (D:5)
  9 adders
  4 gnolls (D:3)
  2 shadow imps
  3 white imps
  2 ufetubi
  2 adder skeletons
  An adder zombie (D:7)
  2 worms
  A dart slug (D:2)
  2 leopard geckos
  18 orcs
  8 bats
  3 giant cockroaches
  12 goblins
  8 hobgoblins
  6 jackals
  4 quokkas
  2 ball pythons (D:2)
  9 frilled lizards
  A jackal zombie (D:5)
  3 kobolds
  7 rats
183 creatures vanquished.

Notes
Turn   | Place    | Note
-------+----------+-------------------------------------------
     0 | D:1      | hawla the Deep Elf Conjurer began the quest for the Orb.
     0 | D:1      | Reached XP level 1. HP: 10/10 MP: 6/6
   369 | D:1      | Reached XP level 2. HP: 16/16 MP: 5/8
   412 | D:1      | Learned a level 2 spell: Searing Ray
  1001 | D:2      | Reached skill level 1 in Translocations
  1146 | D:2      | Reached XP level 3. HP: 20/20 MP: 5/10
  1260 | D:2      | Reached skill level 1 in Fighting
  1260 | D:2      | Reached skill level 5 in Conjurations
  1737 | D:2      | Reached XP level 4. HP: 25/25 MP: 8/11
  2330 | D:3      | Found a large runed translucent door.
  2330 | D:3      | Found a large runed translucent door.
  2458 | D:3      | Noticed phalm's ghost (amateur GnCj)
  2499 | D:3      | Reached XP level 5. HP: 29/29 MP: 7/13
  3095 | D:4      | Reached skill level 6 in Conjurations
  3456 | D:4      | Reached XP level 6. HP: 18/34 MP: 10/14
  3662 | D:4      | Reached skill level 7 in Conjurations
  4168 | D:4      | Reached skill level 1 in Throwing
  4168 | D:4      | Reached XP level 7. HP: 38/38 MP: 10/15
  4362 | D:5      | Entered Level 5 of the Dungeon
  4369 | D:5      | Reached skill level 1 in Staves
  4369 | D:5      | Reached skill level 1 in Fire Magic
  4681 | D:5      | Noticed Dowan
  4682 | D:5      | Noticed Duvessa
  4733 | D:4      | Learned a level 4 spell: Iskenderun's Mystic Blast
  4770 | D:5      | Killed Dowan
  4771 | D:5      | Reached skill level 5 in Spellcasting
  4849 | D:5      | Killed Duvessa
  5069 | D:5      | Reached XP level 8. HP: 44/44 MP: 7/17
  5362 | D:5      | Noticed Edmund
  5369 | D:5      | Killed Edmund
  5826 | D:5      | Found a staircase to the Ecumenical Temple.
  5838 | D:5      | Found a burning altar of Makhleb.
  5865 | Temple   | Entered the Ecumenical Temple
  6041 | Temple   | Became a worshipper of Vehumet
  6638 | D:6      | Reached skill level 8 in Conjurations
  6638 | D:6      | Reached skill level 5 in Translocations
  6839 | D:6      | Found a sparkling altar of Nemelex Xobeh.
  7352 | D:6      | Reached * piety under Vehumet
  7352 | D:6      | Offered knowledge of Shock by Vehumet.
  7358 | D:6      | Reached XP level 9. HP: 48/48 MP: 6/21
  7623 | D:6      | Found a blossoming altar of Fedhas.
  7739 | D:7      | Reached skill level 9 in Conjurations
  7923 | D:7      | Reached skill level 10 in Conjurations
  8228 | D:7      | Reached skill level 1 in Evocations
  8581 | D:7      | Found Runwoenu's Distillery.
  8589 | D:7      | Bought a potion of flight for 36 gold pieces
  8589 | D:7      | Bought a potion of lignification for 36 gold pieces
  8589 | D:7      | Bought a potion of magic for 96 gold pieces
  8589 | D:7      | Bought a potion of degeneration for 12 gold pieces
  8879 | D:8      | Reached ** piety under Vehumet
  8881 | D:8      | Offered knowledge of Sandblast by Vehumet.
  9253 | D:8      | Reached XP level 10. HP: 38/55 MP: 20/24
  9258 | D:8      | Noticed a two-headed ogre
  9263 | D:8      | Killed a two-headed ogre
  9264 | D:8      | Reached skill level 5 in Staves
  9264 | D:8      | Reached skill level 5 in Fire Magic
  9268 | D:8      | Blown up by a centaur

Illustrated notes

Levels and vault maps discovered:
D:1:      dpeg_arrival_oval, layout_basic
D:2:      layout_loops_cross, hangedman_decor_growths
D:3:      layout_loops_cross, ebering_ghost_disaster_area
D:4:      layout_loops_ring, minmay_goblin_outpost
D:5:      layout_layer_cave, bloody_makhleb, minmay_temple_entry_sparse_star,
          uniq_duvessa, uniq_edmund
D:6:      layout_rooms, nemelex_xobeh_ov_fountains_minmay,
          hangedman_abyss_or_decor_slice, fedhas_altar_fruit_tree
D:7:      layout_basic, nicolae_overflow_hidden_temple, serial_shops, shop
D:8:      layout_rooms, minmay_alternating_orb, uniq_pikel, uniq_psyche
Temple:   nicolae_temple_elliptical

Skill      XL: |  1  2  3  4  5  6  7  8  9 10 |
---------------+-------------------------------+-----
Translocations | 1 2 3 4 5 6 |  6.0
Fighting       | 1 2 3 |  3.0
Conjurations   | 5 6 7 8 10 | 10.8
Spellcasting   | 4 5 7 8 |  8.0
Throwing       | 1 |  1.0
Staves         | 2 3 4 5 |  5.0
Stealth        | 3 4 |  4.0
Fire Magic     | 2 3 4 5 |  5.4
Dodging        | 3 |  3.0
Evocations     | 1 |  1.0

Action                   |  1- 3 |  4- 6 |  7- 9 | 10-12 || total
-------------------------+-------+-------+-------+-------++-------
Melee: Quarterstaff      |       |     1 |    84 |       ||    85
 Cast: Magic Dart        |    25 |     7 |    33 |       ||    65
       Searing Ray       |    20 |    37 |    57 |     1 ||   115
       Iskenderun's Myst |       |       |    29 |     6 ||    35
  Use: Scroll            |     1 |     5 |     8 |     1 ||    15
       Potion            |       |     3 |       |       ||     3
Armor: Robe              |     2 |       |    22 |       ||    24
Dodge: Dodged            |     7 |    13 |   105 |     6 ||   131
